 Dungeon Crawl Stone Soup version 0.26-a0-18-g135ff06667 (webtiles) character file.

Game seed: 1479665301687908146, levelgen mode: deterministic

7438 Mrkan the Basher (level 11, -3/68 HPs)
             Began as a Gargoyle Fighter on May 25, 2020.
             Was a High Priest of Nemelex Xobeh.
             Slain by a tyrant leech (17 damage)
             ... on level 1 of the Lair of Beasts.
             The game lasted 00:16:42 (10566 turns).

Mrkan the Basher (Gargoyle Fighter)                Turns: 10566, Time: 00:16:43

Health: -3/68      AC: 28    Str: 21    XL:     11   Next: 15%
Magic:  14/14      EV:  5    Int: 10    God:    Nemelex Xobeh [*****.]
Gold:   392        SH: 11    Dex: 10    Spells: 10/10 levels left

rFire    . . .     SeeInvis .   z - +3 morningstar
rCold    . . .     Gourm    .   c - +0 kite shield
rNeg     + . .     Faith    .   x - +0 plate armour
rPois    ∞         Spirit   .   j - +0 helmet
rElec    +         Reflect  .   o - +2 cloak
rCorr    .         Harm     .   (no gloves)
MR       .....                  u - +0 pair of boots
Stlth    ..........             (no amulet)
HPRegen  0.21/turn              (no ring)
MPRegen  0.14/turn              (no ring)

@: no status effects
A: negative energy resistance 1, electricity resistance, unbreathing,
petrification resistance, rot immunity, AC +8
a: Draw Escape, Draw Destruction, Draw Summoning, Triple Draw, Deal Four, Stack
Five, Renounce Religion


You were on level 1 of the Lair of Beasts.
You worshipped Nemelex Xobeh.
Nemelex Xobeh was extremely pleased with you.
You were not hungry.

You visited 2 branches of the dungeon, and saw 11 of its levels.
You visited the Abyss 1 time.
You also visited: Sewer.

You collected 447 gold pieces.
You spent 55 gold pieces at shops.

Inventory:

Hand Weapons
 i - a +2 mace of draining
 z - a +3 morningstar (weapon)
Armour
 c - a +0 kite shield (worn)
 j - a +0 helmet (worn)
 o - a +2 cloak (worn)
 u - a +0 pair of boots (worn)
 x - a +0 plate armour (worn)
 G - a +0 pair of gloves
Jewellery
 F - an uncursed ring of ice {unknown}
 K - an uncursed ring of ice {unknown}
Wands
 A - a wand of paralysis (7)
 D - a wand of iceblast (7)
 H - a wand of flame (24)
Scrolls
 a - 8 scrolls of identify
 b - 3 scrolls of amnesia {unknown}
 g - 10 scrolls of remove curse
 m - 5 scrolls of enchant weapon {unknown}
 p - 5 scrolls of enchant armour
 q - 3 scrolls of magic mapping
 r - 2 scrolls of random uselessness {unknown}
 s - 2 scrolls of immolation
 y - 7 scrolls of teleportation {unknown}
 B - a scroll of brand weapon {unknown}
 C - a scroll of fog {unknown}
 E - 2 scrolls of fear {unknown}
 J - 2 scrolls of summoning {unknown}
 L - a scroll of silence {unknown}
 M - a scroll of vulnerability {unknown}
 N - a scroll of holy word {unknown}
Potions
 d - 3 potions of might
 e - 3 potions of stabbing {unknown}
 h - 6 potions of curing
 k - 2 potions of heal wounds
 l - a potion of berserk rage
 n - a potion of magic
 t - a potion of resistance
 v - 3 potions of lignification
 w - a potion of flight
 I - a potion of brilliance {unknown}
Comestibles
 f - 23 rations


   Skills:
 - Level 8.0 Fighting
 - Level 10.3 Maces & Flails
 + Level 9.1 Armour
 + Level 9.1 Shields
 - Level 5.0 Invocations


You had 10 spell levels left.
You didn't know any spells.
Your spell library contained the following spells:

 Spells                   Type           Power        Failure   Level  Hunger
 Sting                    Tmut/Pois      #...         100%        1    ##.....
 Poisonous Vapours        Pois/Air       #.....       100%        2    ###....
 Ignite Poison            Fire/Tmut/Pois #.......     100%        3    ####...
 Mephitic Cloud           Conj/Pois/Air  #.......     100%        3    ####...
 Olgreb's Toxic Radiance  Pois           #.......     100%        4    #####..


Dungeon Overview and Level Annotations

Branches:
Dungeon (10/15)            Temple (0/1) D:4            Lair (1/6) D:10
  Sewer (visited)
    Orc: D:9-12

Altars:
Dithmenos
Fedhas
Hepliaklqana
Kikubaaqudgha
Nemelex Xobeh
Okawaru
Ru
Sif Muna
Trog
Uskayaw
Wu Jian
Yredelemnul
The Shining One

Shops:
D:4 *

Annotations:
D:5 1 runed translucent door, ohados's ghost, novice OpTm
D:9 Erolcha


Innate Abilities, Weirdness & Mutations

You are resistant to torment.
Your stone body is resilient. (AC +8)
You are immune to poison.
You resist negative energy. (rN+)
You are resistant to electric shocks. (rElec)
You can survive without breathing.
You are immune to petrification.
You are immune to rotting.


Message History

The tyrant leech is almost dead.
The porcupine barely misses you.
The spiny frog stings you but does no damage.
The tyrant leech bites you but does no damage.
You miss the tyrant leech.
The tyrant leech is almost dead.
The spiny frog stings you but does no damage.
The porcupine bites you.
Your plate armour prevents you from hitting the tyrant leech.
The tyrant leech is almost dead.
You block the porcupine's attack. The spiny frog stings you.
* * * LOW HITPOINT WARNING * * *
The tyrant leech barely misses you.
You closely miss the tyrant leech.
The tyrant leech is almost dead.
You block the porcupine's attack. The spiny frog stings you.
* * * LOW HITPOINT WARNING * * *
The tyrant leech bites you!
You die...
Your body glows slightly and disappears.

##....#.#...P#.P
#....##..........
#...###.†........
#...###..........
#....#...........
#......<...#####.
#.........##
###..........#
#$@..####.####


#Frw.P# ### #.....## ......... #.......... #..........# ...........#
....P.##..... You could see a tyrant leech, a spiny frog and a porcupine.

Vanquished Creatures
  A hydra (D:10)
  Pikel (D:9)
  A cyclops (D:10)
  2 dream sheep (D:10)
  3 hippogriffs
  2 yaks (D:10)
  A basilisk (Lair:1)
  Menkaure (D:4)
  An orc warrior (D:8)
  3 black bears
  A necrophage (D:6)
  7 ogres
  A crocodile (Sewer)
  2 centaurs
  5 big kobolds
  Blork the orc (D:5)
  3 bullfrogs
  3 scorpions
  2 wyvern skeletons
  5 killer bees (D:8)
  10 wights
  2 howler monkeys (D:4)
  4 crimson imps
  A quasit (D:5)
  2 hounds
  A jelly (D:8)
  3 bullfrog skeletons
  2 centaur skeletons
  A gnoll shaman (D:10)
  6 orc priests
  2 iguanas
  9 worker ants
  6 orc wizards
  3 hound skeletons
  2 worker ant zombies
  15 gnolls
  A howler monkey skeleton (D:10)
  9 adders
  An adder zombie (D:7)
  2 worms
  3 dart slugs
  14 leopard geckos
  31 orcs
  11 giant cockroaches
  8 goblins
  11 hobgoblins
  11 jackals
  4 quokkas
  3 ball pythons
  7 bats
  5 frilled lizards
  2 jackal zombies
  21 kobolds
  A leopard gecko skeleton (D:6)
  A quokka skeleton (D:5)
  6 rats
267 creatures vanquished.

Vanquished Creatures (collateral kills)
  Eustachio (D:4)
  A worker ant (D:4)
  A worm (D:4)
3 creatures vanquished.

Vanquished Creatures (others)
  A slave (D:9)
  A centaur zombie (D:9)
  2 orc wizards (D:9)
  An adder zombie (D:9)
  6 orcs
  A withered plant (D:5)
12 creatures vanquished.

Grand Total: 282 creatures vanquished

Notes
Turn   | Place    | Note
-------+----------+-------------------------------------------
     0 | D:1      | Mrkan the Gargoyle Fighter began the quest for the Orb.
     0 | D:1      | Reached XP level 1. HP: 14/14 MP: 1/1
    73 | D:1      | Reached XP level 2. HP: 11/19 MP: 2/2
   503 | D:1      | Reached XP level 3. HP: 23/23 MP: 3/3
  1405 | D:2      | Found a sparkling altar of Nemelex Xobeh.
  1413 | D:2      | Became a worshipper of Nemelex Xobeh the Trickster
  1606 | D:2      | Reached skill level 3 in Maces & Flails
  1609 | D:2      | Reached XP level 4. HP: 29/29 MP: 4/4
  1619 | D:2      | Received a gift from Nemelex Xobeh
  1770 | D:3      | Found a sacrificial altar of Ru.
  2042 | D:3      | Reached XP level 5. HP: 30/33 MP: 5/5
  2209 | D:3      | Reached * piety under Nemelex Xobeh
  2834 | D:4      | Reached skill level 4 in Maces & Flails
  2846 | D:4      | Reached XP level 6. HP: 22/38 MP: 6/6
  3187 | D:4      | Found a glowing drain.
  3228 | Sewer    | Entered a sewer
  3436 | D:4      | Reached XP level 7. HP: 44/44 MP: 7/7
  3455 | D:4      | Found a staircase to the Ecumenical Temple.
  3462 | D:4      | Reached skill level 5 in Maces & Flails
  3490 | D:4      | Found Keoso Mirr's General Store.
  3499 | D:4      | Bought a scroll of remove curse for 33 gold pieces
  3499 | D:4      | Bought a scroll of identify for 22 gold pieces
  3652 | D:4      | Noticed Menkaure
  3662 | D:4      | Killed Menkaure
  3662 | D:4      | Reached skill level 5 in Fighting
  3662 | D:4      | Reached skill level 5 in Armour
  3662 | D:4      | Reached skill level 5 in Shields
  3810 | D:4      | Noticed Eustachio
  3816 | D:4      | Reached ** piety under Nemelex Xobeh
  3823 | D:4      | Killed Eustachio
  4074 | D:5      | Entered Level 5 of the Dungeon
  4200 | D:5      | Found a runed translucent door.
  4202 | D:5      | Noticed ohados's ghost (novice OpTm)
  4219 | D:5      | Received a gift from Nemelex Xobeh
  4240 | D:5      | Reached XP level 8. HP: 42/49 MP: 8/8
  4516 | D:5      | Reached skill level 6 in Maces & Flails
  4646 | D:5      | Noticed Blork the orc
  4654 | D:5      | Killed Blork the orc
  4902 | D:5      | Reached skill level 7 in Maces & Flails
  5385 | D:6      | Found a hazy altar of Hepliaklqana.
  5443 | D:6      | Received a gift from Nemelex Xobeh
  5581 | D:6      | Reached skill level 8 in Maces & Flails
  5586 | D:6      | Reached XP level 9. HP: 56/56 MP: 9/9
  5668 | D:6      | Found a shadowy altar of Dithmenos.
  5865 | D:6      | Found an iron altar of Okawaru.
  5916 | D:6      | Found a glowing golden altar of the Shining One.
  6002 | D:6      | Found an ancient bone altar of Kikubaaqudgha.
  6037 | D:6      | Found a bloodstained altar of Trog.
  6044 | D:6      | Reached skill level 9 in Maces & Flails
  6124 | D:6      | Found a blossoming altar of Fedhas.
  6249 | D:7      | Found a blossoming altar of Fedhas.
  6386 | D:7      | Reached *** piety under Nemelex Xobeh
  6550 | D:7      | Received a gift from Nemelex Xobeh
  6639 | D:7      | Found an ornate altar of the Wu Jian Council.
  6789 | D:8      | Reached skill level 1 in Invocations
  6873 | D:8      | Found a hide-covered altar of Uskayaw.
  6875 | D:8      | Found a shimmering blue altar of Sif Muna.
  7120 | D:8      | Found a basalt altar of Yredelemnul.
  7250 | D:8      | Reached skill level 5 in Invocations
  7250 | D:8      | Reached XP level 10. HP: 55/64 MP: 13/13
  7438 | D:8      | Received a gift from Nemelex Xobeh
  7463 | D:8      | Reached skill level 10 in Maces & Flails
  7766 | D:9      | Noticed Pikel
  7776 | D:9      | Killed Pikel
  7867 | D:9      | Reached **** piety under Nemelex Xobeh
  8039 | D:9      | Received a gift from Nemelex Xobeh
  8722 | D:9      | Noticed Erolcha
  8729 | D:9      | Cast into level 2 of the Abyss (Erolcha)
  8782 | D:9      | Escaped the Abyss
  9016 | D:10     | Entered Level 10 of the Dungeon
  9201 | D:10     | Noticed a cyclops
  9212 | D:10     | Killed a cyclops
  9461 | D:10     | Received a gift from Nemelex Xobeh
  9492 | D:10     | Found a staircase to the Lair.
  9522 | D:10     | Reached ***** piety under Nemelex Xobeh
 10072 | D:10     | Reached XP level 11. HP: 49/68 MP: 14/14
 10098 | D:10     | Noticed a three-headed hydra
 10110 | D:10     | Killed a three-headed hydra
 10507 | Lair:1   | Entered Level 1 of the Lair of Beasts
 10536 | Lair:1   | Noticed a four-headed hydra
 10538 | Lair:1   | a four-headed hydra changed into a tyrant leech
 10566 | Lair:1   | Slain by a tyrant leech

Illustrated notes

Levels and vault maps discovered:
D:1:      nzn_arrival_settlement, layout_basic
D:2:      layout_loops_ring, nemelex_xobeh_ov_fountains_minmay
D:3:      layout_loops_cross, nicolae_ru_path_of_blood
D:4:      layout_cave_pods, minmay_temple_entry_waves, serial_shops, shop,
          portal_sewer_entry_f, uniq_eustachio, uniq_menkaure
D:5:      layout_basic, first_ration, gammafunk_ghost_grave, uniq_blork_the_orc
D:6:      layout_loops_cross, marbit_many_paths,
          nicolae_overflow_quartered_altars, lemuel_crystal_altar,
          fedhas_ov_isle_minmay
D:7:      layout_rooms, kennysheep_mini, basic_altar
D:8:      layout_basic, nicolae_overflow_hidden_temple
D:9:      layout_stronghold, uniq_pikel, uniq_erolcha
D:10:     layout_long_grid, lair_entry_dummy, hangedman_ranch
          [blue_anna_fruit_fields], amethyst_killhole
Lair:1:   layout_cellular_growth, serial_bayou_shore_a, grunt_megastairs_3

Skill      XL: |  1  2  3  4  5  6  7  8  9 10 11 |
---------------+----------------------------------+-----
Maces & Flails | 3 4 5 8 9 10 | 10.3
Armour         | 4 5 8 9 |  9.1
Fighting       | 4 5 6 8 |  8.0
Shields        | 4 5 8 9 |  9.1
Invocations    | 5 |  5.0

Action                   |  1- 3 |  4- 6 |  7- 9 | 10-12 || total
-------------------------+-------+-------+-------+-------++-------
Melee: Flail             |   192 |   238 |   270 |       ||   700
       Morningstar       |       |       |   203 |   320 ||   523
Invok: Draw Destruction  |       |     3 |     3 |     2 ||     8
       Draw Summoning    |       |       |     1 |       ||     1
  Use: Scroll            |       |       |    11 |       ||    11
  Eat: Chunk             |     3 |     6 |    13 |     8 ||    30
       Ration            |       |       |       |     1 ||     1
Armor: Scale mail        |    88 |   154 |       |       ||   242
       Plate armour      |       |     2 |   404 |   219 ||   625
Dodge: Dodged            |    80 |    90 |    99 |    61 ||   330
Block: Kite shield       |    93 |   164 |   271 |   180 ||   708

Table legend:
 A = Non-vault XP
 B = Vault XP
 C = Vault XP percentage of total XP
 D = Non-vault monster count
 E = Vault monster count
 F = Vault count percentage of total count
                 A         B        C        D         E       F
            +---------+---------+-------+---------+---------+-------
      Total |    7049 |    3577 |  33.7 |     247 |      24 |   8.9
            +---------+---------+-------+---------+---------+-------
        D:1 |      45 |       0 |   0.0 |      27 |       0 |   0.0
        D:2 |      37 |       0 |   0.0 |      18 |       0 |   0.0
        D:3 |     157 |       0 |   0.0 |      33 |       0 |   0.0
        D:4 |     414 |     301 |  42.1 |      25 |       7 |  21.9
        D:5 |     697 |      91 |  11.5 |      25 |       1 |   3.8
        D:6 |    1054 |     124 |  10.5 |      28 |       1 |   3.4
        D:7 |     809 |       0 |   0.0 |      18 |       0 |   0.0
        D:8 |    1256 |       0 |   0.0 |      19 |       0 |   0.0
        D:9 |    1329 |     673 |  33.6 |      29 |       1 |   3.3
       D:10 |    1058 |    2269 |  68.2 |      24 |       8 |  25.0
     Lair:1 |     193 |       0 |   0.0 |       1 |       0 |   0.0
      Sewer |       0 |     119 | 100.0 |       0 |       6 | 100.0
            +---------+---------+-------+---------+---------+-------
